 Dungeon Crawl Stone Soup version 0.29-a0-486-ga88943ba61 (console) character file.

Game seed: 5055708116502508090

398 Faeu the Covert (level 6, -1/35 HPs)
             Began as a Vampire Gladiator on May 26, 2022.
             Slain by a black bear (5 damage)
             ... on level 6 of the Dungeon.
             The game lasted 00:10:57 (3491 turns).

Faeu the Covert (Vampire Gladiator)                 Turns: 3491, Time: 00:10:58

Health: -1/35      AC:  0    Str: 11 (13) XL:     6   Next: 53%
Magic:  6/6        EV: 21    Int:  8 (10) God:
Gold:   152        SH:  0    Dex: 21 (23) Spells: 5/5 levels left

rFire   . . .      SeeInvis +     - Unarmed
rCold   + + .      Faith    .   (shield currently unavailable)
rNeg    + + +      Spirit   .   (body armour currently unavailable)
rPois   ∞          Reflect  .   (helmet currently unavailable)
rElec   .          Harm     .   (cloak currently unavailable)
rCorr   .          Rampage  .   (gloves currently unavailable)
Will    .....                   (boots currently unavailable)
Stlth   +++++++...              (no amulet)
HPRegen 0.00/turn               (ring currently unavailable)
MPRegen 0.10/turn               (ring currently unavailable)

@: bat-form, flying, bloodless, inhibited regen, very quick
A: fast, flying, no casting, tiny, bloodless, fangs 3, see invisible, vampiric 2
a: Revivify, End Transformation


You were on level 6 of the Dungeon.
You were a vampire bat.
You visited 1 branch of the dungeon, and saw 8 of its levels.

You collected 152 gold pieces.


Innate Abilities, Weirdness & Mutations

You are a vampire bat.
You are tiny and dextrous.
You move quickly.
You are flying.
You are immune to poison.
Your equipment is almost entirely melded.
You are incapable of wielding weapons or throwing items.
You cannot cast spells.
You do not regenerate when monsters are visible.
You are frail without blood (-20% HP).
You can heal yourself when you bite living creatures.
You are immune to poison.
You have razor-sharp teeth.
You have supernaturally acute eyesight. (SInv)
You are afflicted with vampirism and can become a bat while bloodless.


   Skills:
 - Level 1.7 Fighting
 + Level 3.6 Short Blades
 - Level 1.5 Throwing
 + Level 3.6 Dodging
 + Level 9.6 Stealth
 + Level 1.5 Unarmed Combat


You had 5 spell levels left.
You didn't know any spells.
Your spell library was empty.

Inventory:

Hand Weapons
 a - a +0 rapier {short}
 s - a +0 vorpal hand axe {axe}
   (You took it off an orc on level 3 of the Dungeon)
 D - a +1 dagger of protection (melded) {short}
   (You took it off a goblin on level 4 of the Dungeon)
Missiles
 d - 3 throwing nets (quivered) {=f!fthrowing}
 e - a javelin {throwing}
 g - 116 stones {throwing}
 i - 2 atropa-tipped darts {throwing}
Armour
 b - a +0 leather armour (melded)
 c - a +0 helmet (melded)
 f - a +0 chain mail
   (You found it on level 1 of the Dungeon)
 j - a +0 robe
   (You found it on level 2 of the Dungeon)
 m - a +0 leather armour
   (You found it on level 2 of the Dungeon)
 n - a +0 robe
   (You took it off Sigmund on level 2 of the Dungeon)
 r - a +0 ring mail
   (You took it off an orc on level 3 of the Dungeon)
 t - a +0 ring mail
   (You took it off an orc on level 3 of the Dungeon)
 w - a +0 plate armour
   (You found it on level 3 of the Dungeon)
 C - a +0 scale mail
   (You found it on level 4 of the Dungeon)
 F - a +0 ring mail
   (You found it on level 4 of the Dungeon)
Jewellery
 y - a ring of flight
   (You found it on level 4 of the Dungeon)
Wands
 x - a wand of paralysis (3)
   (You took it off a kobold on level 3 of the Dungeon)
 G - a wand of flame (6)
   (You found it on level 4 of the Dungeon)
Scrolls
 h - a scroll of fear {unknown}
 o - 4 scrolls of identify {unknown}
 q - a scroll of poison {unknown}
 u - 2 scrolls of teleportation {unknown}
 E - a scroll of summoning {unknown}
 H - a scroll of noise {unknown}
 I - 3 scrolls of blinking {unknown}
Potions
 k - a potion of degeneration {unknown}
 l - 3 potions of brilliance {unknown}
 p - a potion of cancellation {unknown}
 v - a potion of might {unknown}
 z - a potion of curing {unknown}
 A - a potion of heal wounds {unknown}
 B - a potion of resistance {unknown}

Dungeon Overview and Level Annotations

Branches:
Dungeon (8/15)
 Temple: D:4-7         Lair: D:8-11

Altars:
Gozag

Shops:
D:5 [

Annotations:
D:4 3 runed translucent doors, Heedrag's ghost, amateur DECj
D:5 Eustachio
D:7 Pikel

##########
####........#
#...l....(..#
#...........#
#........b..##
#..(....h.......+
##?#........#####
#.#n.......#
#>...........
#.############
###'#........#
#............#
#............#
#............#
#............#


You could see a black bear, a necrophage and an iguana.


Message History

You hit the orc but do no damage. The orc closely misses you.
You hit the orc. You bite the orc.
You kill the orc!
Things that are here:
a +0 club {mace}; an orc corpse 😕 HP[+1]
You see here a +0 dagger {short}. 😕 HP[+1]
Found Qiagaose's Armour Shoppe.
A sourceless malevolence fills the Dungeon...
You are sucked into a shaft and drop 3 floors!
The shaft crumbles and collapses.
o - 4 scrolls labelled RAYSTRY YMMEMEPP (gained 3) 😕 HP[+1]
I - 3 scrolls labelled YMY PUERULO 😕 HP[+1]
An electric eel comes into view. 😎 HP[+1]
There is a stone staircase leading up here.
You fly upwards.
There is a stone staircase leading down here.
The lemure shouts! x2; Pikel shouts!
The lemure shouts!
There is an escape hatch in the ceiling here.
A mysterious force pulls you upwards. The hatch slams shut behind you.
You reach down and open the door.
There is an open door here.
A black bear and an iguana come into view.
There is a stone staircase leading down here.
There is an open door here.
You reach down and close the door.
A necrophage comes into view.
You reach down and open the door.
There is an open door here.
There is an open door here.
You hit the necrophage. The necrophage closely misses you.
You hit the necrophage. The necrophage misses you.
You barely miss the necrophage. The necrophage misses you.
You hit the necrophage but do no damage.
The necrophage misses you.
You hit the necrophage but do no damage.
The necrophage hits you. 😕 HP[-1]
You take 1 damage, and now have 34/35 hp.
You hit the necrophage but do no damage.
The necrophage completely misses you.
You barely miss the necrophage. The necrophage barely misses you.
You hit the necrophage. The necrophage closely misses you.
You hit the necrophage. The necrophage hits you. 😕 HP[-2]
You take 2 damage, and now have 32/35 hp.
You hit the necrophage. The necrophage hits you. 😕 HP[-1]
You take 1 damage, and now have 31/35 hp.
You hit the necrophage but do no damage.
The necrophage barely misses you.
You hit the necrophage but do no damage.
You bite the necrophage, but do no damage.
The necrophage closely misses you.
You barely miss the necrophage.
You bite the necrophage, but do no damage.
The necrophage completely misses you.
You hit the necrophage but do no damage.
You bite the necrophage. The necrophage closely misses you.
You barely miss the necrophage. The necrophage barely misses you.
You hit the necrophage but do no damage.
You bite the necrophage. The necrophage misses you.
You hit the necrophage but do no damage.
The necrophage hits you. 😮 HP[-5]
You take 5 damage, and now have 26/35 hp.
You hit the necrophage but do no damage.
The necrophage completely misses you.
You barely miss the necrophage. The necrophage misses you.
You hit the necrophage. The necrophage completely misses you.
You hit the necrophage but do no damage.
The necrophage misses you.
You hit the necrophage. The necrophage completely misses you.
You hit the necrophage. The necrophage hits you. 😮 HP[-3]
You take 3 damage, and now have 23/35 hp.
You hit the necrophage but do no damage.
You bite the necrophage. The necrophage hits you!
* * * LOW HITPOINT WARNING * * *
😨 HP[-8]
You take 8 damage, and now have 15/35 hp.
MASSIVE DAMAGE!! (PAUSE)
You hit the necrophage but do no damage.
The necrophage completely misses you.
You barely miss the necrophage. The necrophage hits you!
* * * LOW HITPOINT WARNING * * *
😱 HP[-8]
You take 8 damage, and now have 7/35 hp.
MASSIVE DAMAGE!! (PAUSE)
You reach down and open the door.
There is an open door here.
The black bear growls angrily.
The iguana hisses angrily.
The black bear barely misses you. The black bear claws you.
* * * LOW HITPOINT WARNING * * *
The black bear claws you.
You die...

Skill      XL: |  1  2  3  4  5  6 |
---------------+-------------------+-----
Stealth        | 2 4 8 9 |  9.6
Unarmed Combat | 1 |  1.5
Fighting       | |  1.7
Short Blades   | |  3.6
Throwing       | |  1.5
Dodging        | |  3.6

Action                   |  1- 3 |  4- 6 || total
-------------------------+-------+-------++-------
Melee: Rapier            |    74 |    54 ||   128
       Bite              |     9 |    15 ||    24
       Punch             |       |     5 ||     5
       Dagger            |       |    61 ||    61
       Unarmed           |       |    43 ||    43
 Abil: Bat Form          |       |     1 ||     1
       Exsanguinate      |       |     1 ||     1
 Stab: Sleeping          |       |    22 ||    22
Armor: Leather armour    |    37 |    22 ||    59
Dodge: Dodged            |    70 |    86 ||   156

Levels and vault maps discovered:
D:1:      mushboom_english_gardens, layout_loops_ring,
          hellmonk_ecumenical_altar_blasted
D:2:      layout_basic, minmay_pentomino_r2, uniq_sigmund
D:3:      layout_loops_ring, nicolae_concentric_dashed_squares_mild
D:4:      layout_layer_cave, ebering_ghost_gozag, chequers_serial_rivers_micro_b
D:5:      lemuel_ice_spiral_2, layout_basic, serial_shops, kennysheep_mini,
          uniq_eustachio
D:6:      layout_basic, mainiacjoe_overflow_cross_hatched, elyvilon_altar_5,
          serial_bayou_lake_a
D:7:      layout_rooms, temple_fountains, biasface_ghost_orc_armoury,
          kennysheep_generic_room_5, uniq_menkaure, uniq_pikel
D:8:      layout_basic, fedhas_altar_2, lemuel_crystal_altar,
          lemuel_doored_altar, lair_entry_dummy, serial_bayou_pond_c

Notes
Turn   | Place    | Note
-------+----------+-------------------------------------------
     0 | D:1      | Faeu the Vampire Gladiator began the quest for the Orb.
     0 | D:1      | Reached XP level 1. HP: 16/16 MP: 1/1
     0 | D:1      | magus.rc [v1.9.6]
    38 | D:1      | Reached skill level 1 in Stealth
   121 | D:2      | Reached skill level 2 in Stealth
   150 | D:2      | Reached XP level 2. HP: 14/22 MP: 2/2
   154 | D:2      | Reached skill level 3 in Stealth
   357 | D:2      | Reached skill level 4 in Stealth
   363 | D:2      | Gained mutation: You are afflicted with vampirism and can
                  | become a bat while bloodless. [Vampire growth]
   363 | D:2      | Reached XP level 3. HP: 10/27 MP: 3/3
   623 | D:2      | Noticed Sigmund
   670 | D:2      | HP: 6/27 [Sigmund/+0 scythe (7)]
   671 | D:2      | HP: 2/27 [Sigmund/+0 scythe (4)]
   673 | D:2      | Killed Sigmund
   674 | D:2      | Reached skill level 8 in Stealth
   674 | D:2      | Reached XP level 4. HP: 3/33 MP: 4/4
   674 | D:2      | Reached XP level 5. HP: 4/38 MP: 5/5
  1072 | D:3      | HP: 3/38 [orc priest/divine providence (13)]
  1073 | D:3      | HP: 1/38 [orc priest/+0 flail (2)]
  1347 | D:3      | Reached skill level 9 in Stealth
  1882 | D:2      | Reached XP level 6. HP: 42/44 MP: 6/6
  2013 | D:4      | Found a runed translucent gate.
  2014 | D:4      | Found a runed translucent gate.
  2015 | D:4      | Found an opulent altar of Gozag.
  2015 | D:4      | Found a runed translucent gate.
  2189 | D:4      | Reached skill level 1 in Unarmed Combat
  2696 | D:4      | Noticed an orc warrior
  2707 | D:4      | Noticed Heedrag's ghost (amateur DECj)
  2752 | D:5      | Entered Level 5 of the Dungeon
  2796 | D:5      | Noticed Eustachio
  2997 | D:6      | Noticed a sky beast
  3063 | D:6      | Noticed a troll
  3072 | D:6      | Found an opulent altar of Gozag.
  3354 | D:5      | Found Qiagaose's Armour Shoppe.
  3360 | D:5      | You are sucked into a shaft and drop 3 floors!
  3406 | D:7      | Noticed Pikel
  3475 | D:6      | HP: 7/35 [necrophage (8)]
  3491 | D:6      | HP: 4/35 [black bear (3)]
  3491 | D:6      | Slain by a black bear

Vanquished Creatures
  Sigmund (D:2)
  A jelly (D:4)
  2 orc priests (D:3)
  A hound (D:6)
  A gnoll (D:2)
  5 adders
  An ufetubus (D:4)
  2 dart slugs
  10 orcs
  4 ball pythons
  5 endoplasms
  4 giant cockroaches
  2 goblins (D:4)
  2 hobgoblins (D:2)
  3 jackals (D:2)
  5 quokkas
  3 bats
  3 frilled lizards
  6 kobolds
  3 rats
64 creatures vanquished.

Vanquished Creatures (others)
  13 plants (D:6)
13 creatures vanquished.

Grand Total: 77 creatures vanquished

Table legend:
 A = Non-vault XP
 B = Vault XP
 C = Vault XP percentage of total XP
 D = Non-vault monster count
 E = Vault monster count
 F = Vault count percentage of total count
                 A         B        C        D         E       F
            +---------+---------+-------+---------+---------+-------
      Total |     358 |     211 |  37.1 |      62 |       2 |   3.1
            +---------+---------+-------+---------+---------+-------
        D:1 |       3 |       0 |   0.0 |       2 |       0 |   0.0
        D:2 |      65 |     211 |  76.4 |      23 |       2 |   8.0
        D:3 |     111 |       0 |   0.0 |      16 |       0 |   0.0
        D:4 |     109 |       0 |   0.0 |      17 |       0 |   0.0
        D:5 |      17 |       0 |   0.0 |       2 |       0 |   0.0
        D:6 |      53 |       0 |   0.0 |       2 |       0 |   0.0
            +---------+---------+-------+---------+---------+-------

Illustrated notes

Table legend:
 A = Kills in this place as a percentage of kills in entire the game.
 B = Kills by you in this place as a percentage of kills by you in the entire game.
 C = Kills by friends in this place as a percentage of kills by friends in the entire game.
 D = Other kills in this place as a percentage of other kills in the entire game.
 E = Experience gained in this place as a percentage of experience gained in the entire game.
 F = Experience gained in this place divided by the number of levels of this place that you have seen.
                   A       B       C       D       E      F
               +-------+-------+-------+-------+-------+----------------------
         Total | 100.0 | 100.0 |   N/A |   N/A | 100.0 |  71.1
       Dungeon | 100.0 | 100.0 |   N/A |   N/A | 100.0 |  71.1
               +-------+-------+-------+-------+-------+----------------------

Table legend: (Time is in decaauts)
 A = Elapsed time spent in this place.
 B = Non-inter-level travel time spent in this place.
 C = Inter-level travel time spent in this place.
 D = Time resting spent in this place.
 E = Time spent auto-exploring this place.
 F = Levels seen in this place.
 G = Mean time per level.
                   A        B        C        D        E       F      G
               +--------+--------+--------+--------+--------+-----+--------+
         Total |   3392 |   3324 |     68 |    594 |   1671 |   8 |  424.0 |
       Dungeon |   3392 |   3324 |     68 |    594 |   1671 |   8 |  424.0 |
               +--------+--------+--------+--------+--------+-----+--------+

Top non-repeatable levels by time:
     D:2: 995 daAuts
     D:3: 889 daAuts
     D:4: 794 daAuts
     D:5: 310 daAuts
     D:6: 299 daAuts
     D:1: 71 daAuts
     D:8: 28 daAuts
     D:7: 2 daAuts
